 Dungeon Crawl Stone Soup version 0.29-a0-565-g7a16c6de65 (webtiles) character file.

Game seed: 12969194452132630411

123 Lekart the Slasher (level 5, 0/42 HPs)
             Began as a Human Chaos Knight on June 12, 2022.
             Was a Plaything of Xom.
             Slain by an ice beast (8 damage)
             ... on level 4 of the Dungeon.
             The game lasted 00:02:52 (2700 turns).

Lekart the Slasher (Human Chaos Knight)             Turns: 2700, Time: 00:02:52

Health: 0/42       AC:  7    Str: 12    XL:     5   Next: 29%
Magic:  14/14      EV: 10    Int: 12    God:    Xom [...*..]
Gold:   130        SH:  7    Dex: 17    Spells: 4/4 levels left

rFire   . . .      SeeInvis .   o - +1 hand axe (elec)
rCold   . . .      Faith    .   x - +0 kite shield
rNeg    + . .      Spirit   .   b - +2 leather armour
rPois   .          Reflect  .   (no helmet)
rElec   .          Harm     .   (no cloak)
rCorr   +          Rampage  .   (no gloves)
Will    .....                   v - +1 pair of boots of Day {rN+ rCorr Dex+2}
Stlth   +.........              (no amulet)
HPRegen 0.14/turn               w - ring of flight
MPRegen 0.14/turn               u - ring of magical power

@: flying
A: no striking features
a: Renounce Religion


You were on level 4 of the Dungeon.
You worshipped Xom.
You were a favourite toy of Xom.
You visited 1 branch of the dungeon, and saw 4 of its levels.

You collected 130 gold pieces.

Inventory:

Hand Weapons
 a - a +0 falchion of chaos
 m - a +0 dagger of flaming
 o - a +1 hand axe of electrocution (weapon)
Armour
 b - a +2 leather armour (worn)
 v - the +1 pair of boots of Day (worn) {rN+ rCorr Dex+2}
   (You found it on level 3 of the Dungeon)

   Dex:       It affects your dexterity (+2).
   rN:        It protects you from negative energy.
   rCorr:     It protects you from acid and corrosion.
 x - a +0 kite shield (worn)
Jewellery
 e - a +6 ring of intelligence
 u - a ring of magical power (right hand)
 w - a ring of flight (left hand)
Scrolls
 f - a scroll of teleportation
 g - a scroll of blinking {unknown}
 j - 4 scrolls of identify {unknown}
 k - a scroll of summoning {unknown}
 l - a scroll of enchant weapon {unknown}
 n - 4 scrolls of fog {unknown}
 q - a scroll of fear {unknown}
 s - a scroll of amnesia {unknown}
 t - 2 scrolls of poison {unknown}
Potions
 d - 2 potions of mutation {unknown}
 h - a potion of curing {unknown}
 i - 2 potions of heal wounds {unknown}
 p - a potion of degeneration {unknown}
 r - a potion of haste {unknown}
Miscellaneous
 c - a piece from Xom's chessboard (14/15) (quivered)


   Skills:
 + Level 3.8 Fighting
 + Level 0.2(2.6) Short Blades
 + Level 4.2(4.3) Long Blades
 + Level 0.5 Axes
 + Level 2.5 Armour
 + Level 1.8 Dodging


You had 4 spell levels left.
You didn't know any spells.
Your spell library was empty.

Dungeon Overview and Level Annotations

Branches:
Dungeon (4/15)
 Temple: D:4-7

Altars:
Vehumet
Xom


Message History

The hound is moderately wounded.
The hound bites you but does no damage. The hound barely misses you.
The ice beast completely misses you.
You hit the hound. Lightning courses through the hound!
You kill the hound!
You hit the ice beast but do no damage. The ice beast barely misses you.
You have reached level 5!
You hit the ice beast.
The ice beast is lightly wounded.
You block the ice beast's attack.
The ice beast hits you but does no damage.
You closely miss the ice beast.
The ice beast is lightly wounded.
The ice beast hits you but does no damage.
You hit the ice beast but do no damage.
The ice beast is lightly wounded.
The ice beast hits you. The ice beast freezes you.
You block the ice beast's attack.
You hit the ice beast.
The ice beast is moderately wounded.
The ice beast hits you. The ice beast freezes you!
You hit the ice beast but do no damage.
The ice beast is moderately wounded.
You block the ice beast's attack. The ice beast hits you.
The ice beast freezes you!
* * * LOW HITPOINT WARNING * * *
You make a move on Xom's chessboard...
The ice beast appears confused.
The ice beast hits you but does no damage.
You are too injured to fight recklessly!
You are too injured to fight recklessly!
You hit the ice beast.
The ice beast is moderately wounded.
The ice beast hits you but does no damage.
You hit the ice beast but do no damage.
The ice beast is moderately wounded.
The ice beast hits you.
* * * LOW HITPOINT WARNING * * *
The ice beast freezes you!
You die...
Xom bursts into laughter!

#..... #.# #.#
....... #.# #.#
...... #.# #.# ....
#.# #.# ... #.###.#
#### #.# #.#)#.#
#...
#.####.....###.##
####..............#
#.†@..........#####
......Y..###.......#
......##.# #.......#
.##### #.# #.......#
#.# #.......# #.#
#.......#
...##.......#
........>...#
####..#.##


You could see an ice beast (confused).

Vanquished Creatures
  A hound (D:4)
  2 adders
  A worm (D:3)
  4 dart slugs
  5 ball pythons
  5 bats
  5 endoplasms
  2 giant cockroaches (D:3)
  5 goblins
  8 hobgoblins
  3 jackals
  4 quokkas
  5 frilled lizards
  4 kobolds
  6 rats
60 creatures vanquished.

Notes
Turn   | Place    | Note
-------+----------+-------------------------------------------
     0 | D:1      | Lekart the Human Chaos Knight began the quest for the Orb.
     0 | D:1      | Reached XP level 1. HP: 18/18 MP: 1/1
    67 | D:1      | Reached XP level 2. HP: 17/24 MP: 2/2
   300 | D:1      | Found a faded altar of an unknown god.
   343 | D:1      | Reached XP level 3. HP: 21/29 MP: 3/3
   783 | D:1      | XOM: noise
  1000 | D:2      | Reached XP level 4. HP: 33/37 MP: 4/4
  1120 | D:2      | You fall into a shaft and drop 2 floors!
  1149 | D:3      | Reached skill level 4 in Long Blades
  1550 | D:3      | XOM: 11-stop teleportation journey
  1557 | D:3      | XOM: 2-stop teleportation journey
  1610 | D:3      | XOM: 1-stop teleportation journey
  1660 | D:3      | XOM: scenery: create altars
  1897 | D:3      | XOM: divination: detect items
  2143 | D:3      | Found a radiant altar of Vehumet.
  2330 | D:3      | Identified the +1 pair of boots of Day {rN+ rCorr Dex+2}
  2688 | D:4      | Noticed an ice beast
  2693 | D:4      | Reached XP level 5. HP: 42/42 MP: 5/5
  2700 | D:4      | Slain by an ice beast

Illustrated notes

Levels and vault maps discovered:
D:1:      minmay_arrival_four_circles, layout_basic,
          shapermc_ecumenical_altar_mp_highgroup, minmay_misc_feat_more_columns
D:2:      wander_river, layout_basic, serial_shops, nicolae_shop_behind_doors,
          minmay_tromino_v2, uniq_sigmund, uniq_jessica
D:3:      layout_loops_corners, mainiacjoe_overflow_six_doors_small,
          minmay_fractal_squares_diagonal_5
D:4:      layout_loops_ring

Skill      XL: |  1  2  3  4 |
---------------+-------------+-----
Long Blades    | 4 |  4.2
Fighting       | |  3.8
Short Blades   | |  0.2
Axes           | |  0.5
Armour         | |  2.5
Dodging        | |  1.8

Action                   |  1- 3 |  4- 6 || total
-------------------------+-------+-------++-------
Melee: Falchion          |    64 |    28 ||    92
       Hand axe          |       |    47 ||    47
       Dagger            |       |    25 ||    25
Evoke: Piece from Xom's  |       |     1 ||     1
  Use: Scroll            |     1 |       ||     1
Armor: Leather armour    |    19 |    26 ||    45
Dodge: Dodged            |    31 |    58 ||    89
Block: Kite shield       |       |     6 ||     6

Table legend: (Time is in decaauts)
 A = Elapsed time spent in this place.
 B = Non-inter-level travel time spent in this place.
 C = Inter-level travel time spent in this place.
 D = Time resting spent in this place.
 E = Time spent auto-exploring this place.
 F = Levels seen in this place.
 G = Mean time per level.
                   A        B        C        D        E       F      G
               +--------+--------+--------+--------+--------+-----+--------+
         Total |   2721 |   2683 |     38 |      0 |   2247 |   4 |  680.2 |
       Dungeon |   2721 |   2683 |     38 |      0 |   2247 |   4 |  680.2 |
               +--------+--------+--------+--------+--------+-----+--------+

Top non-repeatable levels by time:
     D:3: 1532 daAuts
     D:1: 934 daAuts
     D:2: 194 daAuts
     D:4: 59 daAuts
